Map: Newkirk Precinct TE (Void)

Players

HauWeniger - Winner!

  • Race: Terran Terran
  • League: Diamond
  • Spawn Location: 7:00

Musumeci

  • Race: Zerg Zerg
  • League: Diamond
  • Spawn Location: 5:00

VOD

Have the link to the VOD?

Description

Time

  • Played on: Feb. 12, 2017, 12:55 p.m.
  • Length: 8:09
Show
View Real Time Build Order
Export as new Build Order

HauWeniger Terran - Winner!

Build Orders:  

Get SALT Encoding   

  12  0:01  SCV  
  13  0:13  SCV  
  14  0:18  Supply Depot  
  14  0:25  SCV  
  15  0:29  Refinery  
  15  0:40  SCV  
  16  0:45  Barracks  
  16  0:52  SCV  
  17  1:11  Barracks  
  17  1:17  Barracks  
  17  1:21  SCV  
  18  1:32  Reaper  
  18  1:37  Refinery  
  18  1:38  SCV  
  20  1:49  Supply Depot  
  20  1:59  Reaper  
  21  2:04  Reaper  
  21  2:06  Reaper  
  23  2:13  Orbital Command  
  23  2:31  Reaper  
  23  2:36  Reaper  
  25  2:38  Reaper  
  25  2:42  SCV  
  27  2:45  Supply Depot  
  27  2:57  SCV  
  28  3:03  Reaper  
  29  3:08  Reaper  
  30  3:15  Reaper  
  31  3:24  SCV, Barracks  
  31  3:26  Barracks  
  31  3:35  Reaper  
  31  3:40  Reaper  
  33  3:47  Reaper  
  33  4:07  Reaper  
  33  4:12  Reaper  
  33  4:16  Reaper x2, Supply Depot  
  36  4:17  Command Center  
  36  4:19  Reaper  
  36  4:41  Reaper  
  36  4:44  Reaper  
  38  4:56  Marine, Reaper x2  
  41  5:13  Marine  
  42  5:24  Reaper x2  
  44  5:28  Reaper  
  45  5:39  Command Center  
  45  5:45  Barracks Reactor, Barracks Tech Lab  
  40  6:23  Marine x2  
  38  6:38  Reaper x4  
  42  6:41  Reaper  
  43  6:52  Orbital Command  
  44  6:54  SCV  
  44  7:06  SCV  
  42  7:11  Marine  
  42  7:12  Marine x4  
  42  7:13  Marine  
  47  7:18  SCV  
  48  7:29  Marine  
  48  7:32  Marine x5  
  48  7:34  SCV x2  
  56  7:37  Orbital Command  
  56  7:46  SCV x2  
  56  7:47  Refinery  
Show
View Real Time Build Order
Export as new Build Order

Musumeci Zerg 

Build Orders: Hatch First 

Get SALT Encoding   

  12  0:01  Drone  
  13  0:08  Drone  
  14  0:15  Drone, Extractor  
  15  0:41  Hatchery  
  14  0:53  Extractor  
  14  0:56  Extractor  
  14  0:57  Drone  
  14  1:04  Spawning Pool  
  14  1:09  Drone, Extractor  
  14  1:14  Extractor  
  14  1:16  Drone  
  16  1:19  Overlord  
  16  1:38  Drone x2  
  18  1:41  Drone  
  19  1:50  Queen  
  19  1:53  Queen  
  23  1:57  Drone  
  23  2:00  Drone  
  25  2:07  Overlord  
  25  2:10  Drone  
  26  2:26  Queen  
  28  2:30  Queen  
  28  2:33  Overlord  
  30  2:38  Extractor  
  28  2:53  Roach Warren  
  27  3:01  Queen  
  29  3:09  Queen  
  29  3:37  Queen  
  31  3:45  Queen  
  32  3:49  Drone x5  
  32  3:50  Drone x2  
  32  4:11  Drone  
  32  4:12  Drone x2  
  35  4:25  Drone x3  
  33  5:02  Roach x4  
  36  5:35  Drone x2  
  37  5:36  Drone x4  
  37  6:06  Queen x2  
  34  6:31  Drone x8  
  27  6:58  Spine Crawler  
  27  7:00  Spine Crawler  
  25  7:05  Evolution Chamber  
  20  7:13  Drone x6  
  22  7:23  Evolution Chamber x2  
  22  7:25  Evolution Chamber x2  
  22  7:26  Evolution Chamber x2  
  22  7:28  Evolution Chamber  
  22  7:29  Evolution Chamber  
  11  7:32  Evolution Chamber  
  11  7:33  Evolution Chamber  
  11  7:36  Evolution Chamber  
  6  7:49  Evolution Chamber  
  5  7:51  Evolution Chamber  
Tags
 
Add a new tag
Caveats
  • Supply blocks, unpowered buildings, or Contaminate may cause inaccurate times.
  • Supply counts are checked every 10 seconds.